 Dungeon Crawl Stone Soup version 0.17-a0-1510-gb3fb22e (webtiles) character file.

1066 mrath the Ruffian (level 8, -10/78 HPs)
             Began as a Troll Monk on July 11, 2015.
             Was a Believer of Qazlal.
             Mangled by Fluffy's ghost (16 damage)
             ... on level 5 of the Dungeon.
             The game lasted 00:53:37 (5294 turns).

mrath the Ruffian (Troll Monk)                      Turns: 5294, Time: 00:53:37

Health: -10/78     AC:  6    Str: 22    XL:     8   Next: 7%
Magic:  7/7        EV: 11    Int:  6    God:    Qazlal [**....]
Gold:   213        SH:  2    Dex: 12    Spells: 0 memorised, 7 levels left

rFire  . . .     SeeInvis .       - Unarmed
rCold  . . .     Clarity  .     a - +0 robe
rNeg   . . .     SustAt   .     (no shield)
rPois  .         Gourm    +     (helmet restricted)
rElec  .         Spirit   .     E - +0 cloak
rCorr  .         Warding  .     (gloves unavailable)
rMut   .         Stasis   .     (boots unavailable)
MR     +....                    (no amulet)
Stlth  +.........               F - ring of protection from magic
                                r - ring of wizardry

@: somewhat resistant to hostile enchantments, very unstealthy
A: unfitting armour, claws 3, fast metabolism 3, gourmand, regeneration 2,
shaggy fur 1, tough skin 2
a: Upheaval, Renounce Religion


You were on level 5 of the Dungeon.
You worshipped Qazlal.
Qazlal was pleased with you.
You were very full.

You visited 2 branches of the dungeon, and saw 6 of its levels.

You collected 213 gold pieces.

Inventory:

Hand weapons
 q - a +1 dagger of holy wrath
 w - a +0 hunting sling
 y - a +0 blowgun
 z - a +2 dagger of freezing
 B - a +2 dagger of venom
 D - a +0 great sword
Missiles
 c - 21 steel bolts
 e - 30 bolts
 g - 6 poisoned arrows
 h - 42 stones (quivered)
 k - 28 poisoned needles
 u - 42 arrows
 A - 5 curare-tipped needles
 C - 22 arrows of flame
Armour
 a - a +0 robe (worn)
 E - a +0 cloak (worn)
Jewellery
 r - a ring of wizardry (left claw)
 F - a ring of protection from magic (right claw)
Magical devices
 l - a wand of confusion (45)
 n - a wand of enslavement (10)
Scrolls
 d - 4 scrolls of remove curse
 p - 2 scrolls of recharging
 t - a scroll of identify
 v - a scroll of amnesia
Potions
 f - a potion of brilliance {unknown}
 i - a potion of degeneration {unknown}
 j - a potion of curing {unknown}
 o - a potion of might {unknown}
Books
 s - a book of Frost

   Spells                             Type                      Level
   a - Freeze                         Ice                          1
   b - Throw Frost                    Conjuration/Ice              2
   c - Ozocubu's Armour               Charms/Ice                   3
   d - Throw Icicle                   Conjuration/Ice              4
   e - Summon Ice Beast               Ice/Summoning                4
   f - Condensation Shield            Ice                          4
Comestibles
 b - 3 bread rations
 m - 2 meat rations
 x - 3 chunks of flesh


   Skills:
 + Level 3.7 Fighting
 + Level 3.9 Throwing
 + Level 4.6 Dodging
 + Level 1.9 Stealth
 + Level 6.6 Unarmed Combat
 + Level 0.1 Evocations


You had 7 spell levels left.
You didn't know any spells.

Dungeon Overview and Level Annotations

Branches:
Dungeon (5/15)             Temple (1/1) D:4

Altars:
Ashenzari
Dithmenos
Fedhas
Gozag
Makhleb
Nemelex Xobeh
Okawaru
Qazlal
Ru
Trog
Vehumet
Xom
Yredelemnul
Zin
The Shining One

Annotations:
D:5 Fluffy's ghost, experienced DsGl


Innate Abilities, Weirdness & Mutations

You are too large for most types of armour.
You have claws for hands.
Your metabolism is lightning-fast.
You like to eat raw meat.
You heal very quickly.
You are covered in fur (AC +1).
You have very tough skin (AC +2).


Message History

Fluffy's ghost is heavily damaged.
Fluffy's ghost hits you.
* * * LOW HITPOINT WARNING * * *
You scratch Fluffy's ghost but do no damage.
Fluffy's ghost is heavily damaged.
You block Fluffy's ghost's attack.
You scratch Fluffy's ghost but do no damage.
You claw Fluffy's ghost.
Fluffy's ghost is heavily damaged.
Fluffy's ghost closely misses you.
You scratch Fluffy's ghost but do no damage.
Fluffy's ghost is heavily damaged.
Fluffy's ghost hits you!
* * * LOW HITPOINT WARNING * * *
You scratch Fluffy's ghost but do no damage.
Fluffy's ghost is heavily damaged.
You scratch Fluffy's ghost but do no damage.
Fluffy's ghost is heavily damaged.
Fluffy's ghost hits you!
You die...

##..####
**####......###
***.............#####
*,,.................#
*,..................##
*,..............ยง....#
**#..........###....##
########..#######..#
##(..W@......#
##..#######...## ##).##
#....# #* ##..## #....#
.## ##..### #...## ..#
###.....# #...#
..###....#### #..##
>.##.....# ##.#
.........# ###


You could see Fluffy's ghost.

Vanquished Creatures
  Menkaure (D:4)
  Duvessa (D:5)
  An ice beast (D:5)
  The ghost of stickyfingers the Poker, an average MiBe of Trog (D:3)
  A phantom (D:4)
  Dowan (D:5)
  3 hounds
  A centaur skeleton (D:5)
  A gnoll shaman (D:4)
  An orc priest (D:4)
  Terence (D:3)
  2 worker ants
  10 adders
  7 gnolls
  2 oozes (D:3)
  4 worms
  2 giant geckos
  11 orcs
  2 ball pythons (D:2)
  6 bats
  11 goblins
  12 hobgoblins
  10 jackals (D:1)
  12 kobolds
  4 giant cockroaches
  2 giant newts
  2 quokkas
  A quokka skeleton (D:4)
  15 rats
128 creatures vanquished.

Notes
Turn   | Place    | Note
--------------------------------------------------------------
     0 | D:1      | mrath the Troll Monk began the quest for the Orb.
     0 | D:1      | Reached XP level 1. HP: 22/22 MP: 0/0
   197 | D:1      | Reached XP level 2. HP: 26/29 MP: 1/1
   719 | D:1      | Reached XP level 3. HP: 36/36 MP: 2/2
   897 | D:2      | Reached XP level 4. HP: 25/44 MP: 3/3
  1272 | D:2      | Reached skill level 5 in Unarmed Combat
  1496 | D:2      | Found a glowing golden altar of the Shining One.
  2065 | D:3      | Reached XP level 5. HP: 50/50 MP: 4/4
  2194 | D:3      | Noticed stickyfingers's ghost (average MiBe)
  2490 | D:3      | Reached skill level 1 in Throwing
  2519 | D:3      | Noticed Terence
  2531 | D:3      | Killed Terence
  3388 | D:3      | Killed stickyfingers's ghost
  3388 | D:3      | Reached XP level 6. HP: 40/59 MP: 5/5
  3707 | D:4      | Found a radiant altar of Vehumet.
  3709 | D:4      | Found a basalt altar of Yredelemnul.
  3743 | D:4      | Noticed Menkaure
  3750 | D:4      | Killed Menkaure
  3750 | D:4      | Reached skill level 6 in Unarmed Combat
  3750 | D:4      | Reached XP level 7. HP: 28/67 MP: 6/6
  3782 | D:4      | Found an iron altar of Okawaru.
  3793 | D:4      | Found a sacrificial altar of Ru.
  3793 | D:4      | Found a blossoming altar of Fedhas.
  3797 | D:4      | Found a shimmering altar of Xom.
  4270 | D:4      | Found a shadowy altar of Dithmenos.
  4335 | D:4      | Found a staircase to the Ecumenical Temple.
  4413 | Temple   | Entered the Ecumenical Temple
  4489 | Temple   | Became a worshipper of Qazlal Stormbringer
  4489 | Temple   | Acquired Qazlal's first power
  4489 | Temple   | Acquired Qazlal's second power
  5082 | D:5      | Entered Level 5 of the Dungeon
  5082 | D:5      | Noticed Duvessa
  5082 | D:5      | Noticed Dowan
  5089 | D:5      | Killed Duvessa
  5090 | D:5      | Killed Dowan
  5107 | D:5      | Reached XP level 8. HP: 17/78 MP: 7/7
  5247 | D:5      | Noticed Fluffy's ghost (experienced DsGl)
  5294 | D:5      | Mangled by Fluffy's ghost

Vault maps used:
D:1:      evilmike_arrival_hilbert_curve
D:2:      wad_crossroads, nicolae_tso_carved_into_rock
D:3:      uniq_terence
D:4:      nicolae_overflow_hidden_temple, lemuel_coloured_pillars_altar,
          minitemple, minmay_temple_entry_junction, uniq_menkaure
D:5:      kennysheep_little_box, first_bread, uniq_crazy_yiuf_cottage,
          uniq_grinder, uniq_duvessa
Temple:   jpeg_temple_alley_garden_8

Action                   |  1- 3 |  4- 6 |  7- 9 || total
-------------------------+-------+-------+-------++-------
Melee: Unarmed           |    71 |   126 |   116 ||   313
 Fire: Blowgun           |       |       |    20 ||    20
Throw: Stone             |     2 |   106 |    50 ||   158
Evoke: Wand              |       |     1 |     3 ||     4
  Use: Scroll            |     3 |     3 |     3 ||     9
       Potion            |     1 |       |     1 ||     2
 Stab: Sleeping          |     2 |     1 |     2 ||     5
       Distracted        |       |       |     1 ||     1
  Eat: Chunk             |    14 |    20 |    18 ||    52
